Map: [ESL] Ancient Cistern

Players

HungerfrBatl

  • Race: Terran Terran
  • League: Silver
  • Spawn Location: 1:00

Cow (PiG) - Winner!

  • Race: Terran Terran
  • League: Grandmaster
  • Spawn Location: 7:00

VOD

https://www.youtube.com/playlist?list=PLOrKQEirgvjBrkg_LERyoNc_WYX2C2tgI

Description

Time

  • Played on: July 18, 2023, 6:44 p.m.
  • Length: 14:30
Show
View Real Time Build Order
Export as new Build Order

HungerfrBatl Terran 

Build Orders:  

Get SALT Encoding   

  12  0:00  SCV  
  13  0:12  SCV  
  14  0:22  Supply Depot  
  14  0:24  SCV  
  15  0:44  SCV  
  15  0:45  Barracks  
  16  0:56  SCV  
  16  0:57  Refinery  
  17  1:00  Refinery  
  17  1:08  SCV  
  18  1:20  SCV  
  19  1:32  Marine  
  20  1:33  Orbital Command  
  20  1:57  Command Center  
  20  2:03  Barracks Reactor  
  20  2:08  SCV  
  21  2:20  SCV  
  22  2:30  Supply Depot  
  22  2:31  Barracks  
  22  2:32  SCV  
  23  2:37  Barracks  
  23  2:51  Marine x2, SCV  
  23  2:57  Supply Depot  
  26  3:03  SCV  
  27  3:15  SCV  
  27  3:19  Barracks Tech Lab  
  28  3:20  Supply Depot  
  28  3:24  Barracks Tech Lab  
  28  3:26  Supply Depot  
  28  3:27  Orbital Command, SCV  
  29  3:38  Stimpack  
  29  3:40  SCV  
  30  3:51  Factory  
  30  3:52  SCV  
  31  3:57  Marine x2  
  31  4:02  SCV  
  34  4:04  SCV  
  34  4:07  Supply Depot  
  35  4:14  SCV  
  35  4:16  SCV, Supply Depot  
  37  4:20  Combat Shield  
  37  4:26  SCV  
  37  4:28  SCV  
  39  4:31  Supply Depot  
  39  4:35  Factory Reactor  
  39  4:37  Starport  
  39  4:38  SCV  
  40  4:39  Marine x3  
  40  4:41  Marine, Supply Depot  
  40  4:43  SCV  
  45  4:50  SCV  
  46  4:55  SCV  
  46  4:57  Marine x2  
  46  4:59  Supply Depot  
  49  5:02  SCV  
  49  5:05  Supply Depot  
  50  5:07  Marine x2, SCV  
  53  5:15  Marine x2  
  53  5:17  Factory Tech Lab  
  53  5:18  Concussive Shells  
  53  5:19  Engineering Bay  
  55  5:25  Marine x2  
  57  5:33  Medivac x2, Marine x2  
  63  5:38  SCV x2  
  65  5:43  Marine x2  
  65  5:46  Refinery  
  65  5:48  Refinery  
  67  5:50  Terran Infantry Weapons Level 1, Marine, SCV x2  
  67  5:51  Marine  
  67  5:53  Engineering Bay  
  71  5:59  Supply Depot  
  71  6:01  Marine x2  
  71  6:02  Supply Depot, SCV x2  
  75  6:08  Marine x2  
  77  6:14  SCV x2  
  77  6:17  Medivac x2  
  83  6:18  Marine  
  83  6:19  Siege Tank  
  87  6:34  SCV x2  
  89  6:46  Marine  
  90  6:47  Marine x3  
  90  6:49  Medivac  
  90  6:52  Siege Tank  
  98  7:04  Marine x2  
  98  7:05  Marine x2  
  98  7:06  Supply Depot  
  98  7:07  Supply Depot  
  102  7:09  Armory  
  102  7:10  Terran Infantry Armor Level 1  
  102  7:20  Liberator  
  102  7:22  Marine x2  
  106  7:24  Siege Tank  
  110  7:32  Liberator  
  113  7:40  Supply Depot  
  113  7:42  Missile Turret  
  113  7:47  Supply Depot  
  113  7:56  Command Center, Siege Tank  
  116  8:24  Marine x4  
  120  8:28  Siege Tank  
  123  8:36  Medivac x2  
  123  8:40  Supply Depot  
  127  8:41  Supply Depot  
  127  8:42  Marine x4  
  131  8:59  Marine  
  131  9:00  Marine x3, Siege Tank  
  138  9:17  Marine x3  
  138  9:18  Marine  
  142  9:29  Orbital Command  
  139  9:35  Marine x4  
  143  9:52  Supply Depot  
  142  9:53  Marine x4  
  142  9:54  Supply Depot  
  142  9:57  Sensor Tower  
  146  10:11  Marine  
  120  10:30  Marine x4  
  120  10:32  Liberator x2  
  114  10:48  Marine x4  
  80  11:06  Marine x4  
  83  11:23  Marine  
  83  11:24  Marine x3  
  87  11:26  Viking x2  
  74  11:41  Marine  
  74  11:42  Marine x3  
  76  11:56  Viking x2  
  76  11:59  Marine x4  
  84  12:02  Missile Turret  
  74  12:17  Marine x4  
  76  12:26  Medivac  
  78  12:35  Marine x4  
  82  12:42  Orbital Command  
  82  12:52  Marine  
  82  12:53  Marine x3  
  86  13:02  Siege Tank  
  89  13:10  Marine  
  89  13:11  Marine x3  
  93  13:14  Liberator x2  
  99  13:28  Marine x4  
  103  13:34  Siege Tank  
  106  13:46  Marine x4  
  87  14:04  Marine x2  
  86  14:10  Marine  
  86  14:11  Marine  
Show
View Real Time Build Order
Export as new Build Order

Cow Terran - Winner!

Build Orders:  

Get SALT Encoding   

  12  0:01  SCV  
  13  0:13  SCV  
  14  0:19  Supply Depot  
  14  0:25  SCV  
  15  0:40  SCV  
  15  0:41  Barracks  
  16  0:46  Refinery  
  16  0:52  SCV  
  17  1:04  SCV  
  18  1:16  SCV  
  19  1:29  Orbital Command  
  19  1:32  Barracks Reactor  
  19  1:45  Command Center  
  19  1:58  SCV  
  19  2:01  Supply Depot  
  20  2:09  Marine x2  
  20  2:10  SCV  
  23  2:16  Factory  
  23  2:22  SCV  
  23  2:23  Refinery  
  24  2:34  Marine  
  24  2:35  Marine, SCV  
  27  2:47  SCV  
  28  2:52  Marine x2  
  28  2:57  Orbital Command  
  30  2:59  SCV  
  30  3:03  Starport  
  30  3:05  Factory Tech Lab  
  31  3:09  Marine  
  32  3:15  SCV  
  32  3:16  Marine  
  34  3:25  SCV  
  36  3:27  Marine, SCV  
  36  3:32  Supply Depot  
  37  3:36  Marine  
  37  3:37  SCV  
  37  3:39  SCV  
  40  3:44  Bunker  
  40  3:45  Marine  
  40  3:46  Siege Tank  
  44  3:49  SCV  
  44  3:51  SCV  
  46  3:57  Supply Depot  
  46  4:02  SCV  
  47  4:03  SCV  
  47  4:06  Marine x2  
  47  4:08  Viking  
  52  4:14  SCV  
  52  4:15  SCV  
  52  4:16  Supply Depot  
  54  4:19  Supply Depot  
  54  4:26  SCV  
  54  4:27  SCV  
  56  4:35  Marine x2  
  56  4:37  Siege Tank  
  56  4:38  SCV  
  62  4:39  Starport Reactor, SCV  
  63  4:50  SCV  
  63  4:51  SCV  
  65  4:54  Barracks x3  
  65  4:55  Barracks  
  65  4:58  Marine x2  
  67  5:02  SCV  
  67  5:03  SCV  
  67  5:04  Supply Depot x2  
  69  5:14  SCV  
  70  5:31  SCV x2  
  70  5:33  Marine x2  
  70  5:34  Medivac x2, Siege Tank  
  81  5:38  Supply Depot  
  81  5:39  Supply Depot  
  81  5:42  Engineering Bay  
  81  5:43  SCV x2  
  81  5:44  Refinery  
  81  5:45  Refinery  
  83  5:55  SCV  
  83  5:56  Barracks Tech Lab x2  
  84  5:57  Barracks Reactor x2  
  84  6:05  Marine x2  
  84  6:07  Siege Tank  
  89  6:25  Terran Infantry Weapons Level 1  
  89  6:27  Marine x2  
  89  6:30  Supply Depot  
  89  6:31  Supply Depot  
  91  6:35  Stimpack, Combat Shield  
  91  6:43  Marauder x2  
  91  6:44  Marine x4  
  91  6:45  Marine x2  
  101  6:48  Siege Tank  
  104  6:54  Supply Depot  
  104  6:58  Medivac  
  106  7:02  Marine x4  
  106  7:03  Marine x2, Supply Depot  
  106  7:04  Marauder x2  
  116  7:18  Supply Depot  
  116  7:20  Marine x4  
  120  7:23  Marine x2  
  120  7:24  Siege Tank  
  120  7:25  Medivac, Marauder  
  120  7:26  Marauder, Supply Depot  
  131  7:37  Marine  
  131  7:38  Marine x3  
  131  7:41  Marine x2  
  131  7:42  Supply Depot  
  137  7:46  Marine x2  
  137  7:49  Supply Depot  
  139  7:53  Concussive Shells  
  139  7:55  Marine x4  
  139  7:57  Siege Tank  
  146  7:59  Marine x2  
  146  8:00  Medivac  
  146  8:05  Marauder x2  
  154  8:08  Supply Depot  
  154  8:13  Marine x4, Supply Depot  
  154  8:16  Marine  
  154  8:17  Marine  
  160  8:25  Marine  
  160  8:26  Marine  
  162  8:29  Siege Tank  
  162  8:31  Marine x4  
  162  8:34  Marine x2, Supply Depot  
  169  8:36  Supply Depot  
  171  8:44  Marauder x2  
  172  8:49  Marine x4  
  172  8:52  Marine  
  177  9:05  Marauder  
  170  9:39  Marauder  
  170  9:40  Marauder  
  170  9:41  Marine x6  
  170  9:42  Siege Tank  
  83  9:45  Medivac  
  185  9:58  Marine  
  185  9:59  Marine x5  
  191  10:01  Marauder x2  
  193  10:14  Siege Tank  
  193  10:16  Marine x2  
  193  10:20  Marine  
  193  10:32  Marine  
  193  10:35  Marine x3  
  190  10:57  Marauder  
  190  10:58  Marine x2  
  190  10:59  Marauder  
  181  11:43  Viking x2  
  181  11:46  Marauder, Marine  
  181  11:47  Marauder  
  190  12:03  Siege Tank  
  190  12:07  Marine x4  
  190  12:08  Marine x3  
  190  12:10  Marauder  
  190  12:13  Viking x2  
  162  12:25  Marine x4  
  162  12:26  Marine x2  
  168  12:36  Siege Tank  
  170  12:43  Viking x2  
  174  13:13  Viking x2  
  173  13:42  Marine x6, Marauder x2  
  173  13:59  Marine x4  
  173  14:00  Marine x2  
  173  14:03  Marine  
Tags
 
Add a new tag
Caveats
  • Supply blocks, unpowered buildings, or Contaminate may cause inaccurate times.
  • Supply counts are checked every 10 seconds.